 Dungeon Crawl Stone Soup version 0.20.1-1-g8b1a95d (webtiles) character file.

6490 Mojopoop the Blocker (level 10, -1/90 HPs)
             Began as a White Draconian Abyssal Knight on Dec 2, 2017.
             Was a Priest of Lugonu.
             Slain by a six-headed hydra (15 damage)
             ... on level 2 of the Lair of Beasts.
             The game lasted 01:06:35 (7653 turns).

Mojopoop the Blocker (DrAK)                         Turns: 7653, Time: 01:06:35

Health: -1/90      AC:  7    Str: 17    XL:     10   Next: 68%
Magic:  12/15      EV: 12    Int: 14    God:    Lugonu [***...]
Gold:   342        SH: 16    Dex: 12    Spells: 8/9 levels left

rFire    + . .     SeeInvis +   m - +6 spear of the Boar {freeze, Str+2 Stlth+}
rCold    + . .     Gourm    .   r - +5 shield {rPois}
rNeg     . . .     Faith    .   (armour unavailable)
rPois    +         Spirit   .   (helmet restricted)
rElec    .         Reflect  .   (no cloak)
rCorr    .         Harm     .   (no gloves)
MR       .....                  (no boots)
Stlth    +++.......             k - amulet of regeneration
Regen    0.7/turn               b - ring of protection from fire
MPRegen  0.2/turn               i - ring of see invisible

@: no status effects
A: breathe frost, unfitting armour, cold resistance 1, cold-blooded, AC +7
a: Breathe Frost, Depart the Abyss, Bend Space, Banish, Renounce Religion


You were on level 2 of the Lair of Beasts.
You worshipped Lugonu.
Lugonu was most pleased with you.
You were hungry.

You visited 3 branches of the dungeon, and saw 12 of its levels.
You visited the Abyss 1 time.

You collected 582 gold pieces.
You spent 240 gold pieces at shops.

Inventory:

Hand Weapons
 m - the +6 spear of the Boar (weapon) {freeze, Str+2 Stlth+}
   (You found it on level 5 of the Dungeon)

   It has been specially enchanted to freeze those struck by it, causing extra
   injury to most foes and up to half again as much damage against particularly
   susceptible opponents.
   It can also slow down cold-blooded creatures.
   It affects your strength (+2).
   It makes you more stealthy.
 q - the +10 spear "Jellyslayer" {pain, +Rage Int+5 Dex+3}
   (You found it on level 8 of the Dungeon)

   In the hands of one skilled in necromantic magic, it inflicts extra damage on
   living creatures.
   It affects your intelligence (+5).
   It affects your dexterity (+3).
   It lets you go berserk.
Armour
 r - a +5 shield of poison resistance (worn)
Jewellery
 b - a ring of protection from fire (left hand)
 i - a ring of see invisible (right hand)
 k - an amulet of regeneration (around neck)
 y - an uncursed ring of flight {unknown}
Wands
 a - a wand of paralysis (16/24)
 f - a wand of polymorph (9/24)
 p - a wand of polymorph (15/24)
Scrolls
 e - a scroll of teleportation
 o - 2 scrolls of remove curse
 t - a scroll of fog {unknown}
 v - a scroll of recharging {unknown}
 x - 2 scrolls of identify
Potions
 c - a potion of curing
 d - a potion of magic
 h - a potion of invisibility
 s - 2 potions of resistance {unknown}
 w - a potion of haste
Books
 u - a book of Necromancy

   Spells                             Type                      Level
   a - Pain                           Necromancy                   1
   b - Animate Skeleton               Necromancy                   1
   c - Vampiric Draining              Necromancy                   3
   d - Regeneration                   Charms/Necromancy            3
   e - Animate Dead                   Necromancy                   4
   f - Control Undead                 Necromancy                   4
Comestibles
 g - 2 fruits
 j - 5 bread rations
 l - 4 royal jellies
 n - 7 meat rations


   Skills:
 + Level 8.6 Fighting
 + Level 8.2 Polearms
 - Level 4.2 Dodging
 - Level 1.8 Stealth
 + Level 9.3 Shields
 + Level 7.5 Invocations


You had 8 spell levels left.
You knew the following spells:

 Your Spells              Type           Power        Failure   Level  Hunger
a - Animate Skeleton      Necr           N/A          52%         1    ##.....


Dungeon Overview and Level Annotations

Branches:
Dungeon (9/15)             Temple (1/1) D:4            Lair (2/6) D:9
  Swamp: Lair:2-4    Shoals: Lair:2-4     Snake: Lair:2-4    Spider: Lair:2-4
    Orc: D:9-12

Altars:
Ashenzari
Cheibriados
Dithmenos
Elyvilon
Fedhas
Gozag
Hepliaklqana
Kikubaaqudgha
Makhleb
Nemelex Xobeh
Okawaru
Qazlal
Ru
Sif Muna
Trog
Uskayaw
Vehumet
Xom
Yredelemnul
Zin
The Shining One

Shops:
D:4 [   D:9 ?

Portals:
Bailey: D:8

Annotations:
D:6 corrupted
D:7 corrupted
D:9 corrupted


Innate Abilities, Weirdness & Mutations

You can breathe waves of freezing cold.
You can buffet flying creatures when you breathe cold.
Your icy white scales are hard. (AC +7)
You cannot fit into any form of body armour.
Your flesh is cold resistant. (rC+)
You are cold-blooded and may be slowed by cold attacks.


Message History

The six-headed hydra is severely wounded.
The six-headed hydra bites you. The six-headed hydra bites you!
The six-headed hydra bites you.
The six-headed hydra bites you but does no damage.
The six-headed hydra bites you.
You block the six-headed hydra's attack.
You puncture the six-headed hydra!
The six-headed hydra seems to slow down.
You freeze the six-headed hydra.
The six-headed hydra is almost dead.
You hit the six-headed hydra. You freeze the six-headed hydra.
The six-headed hydra is almost dead.
The six-headed hydra bites you!
* * * LOW HITPOINT WARNING * * *
The six-headed hydra bites you.
* * * LOW HITPOINT WARNING * * *
The six-headed hydra bites you!
* * * LOW HITPOINT WARNING * * *
The six-headed hydra bites you!
You die...

.....(..... .....#.#.#
......... #...#.#.# ##
####........
####.######<.....#.#.#
#....@DY..............
#######..........#.#.#
###...#.........
########.#.#.#
#..Y.... #..#.#.#
#....... ##.#.#.#
#......


You could see a six-headed hydra and a yak.

Vanquished Creatures
  2 spiny frogs
  A rime drake (Lair:1)
  5 yaks
  2 hogs (D:7)
  A hungry ghost (D:8)
  A human (D:7)
  3 water moccasins
  A porcupine (Lair:1)
  5 orc warriors
  A sky beast (D:8)
  2 eyes of draining (D:6)
  An ice beast (D:7)
  An ogre (D:5)
  2 wolves
  2 centaurs
  2 crocodiles
  3 bullfrogs
  A scorpion (D:5)
  A wyvern skeleton (D:8)
  A killer bee (D:8)
  4 wights (D:7)
  3 howler monkeys
  A crimson imp (D:7)
  A bullfrog zombie (D:6)
  A centaur zombie (D:7)
  9 hounds
  4 jellies
  A bullfrog skeleton (D:5)
  9 orc wizards
  An orc priest (D:7)
  An iguana (D:7)
  4 worker ants
  A hound zombie (D:7)
  A gnoll (D:1)
  2 worker ant zombies (D:8)
  9 adders
  3 shadow imps
  An adder zombie (D:5)
  An adder skeleton (D:7)
  2 dart slugs
  An adder simulacrum (D:9)
  5 leopard geckos
  30 orcs
  10 bats
  5 giant cockroaches
  13 goblins
  8 hobgoblins
  6 jackals
  9 kobolds
  5 quokkas
  2 frilled lizards (D:1)
  2 jackal skeletons
  A leopard gecko skeleton (D:6)
  A leopard gecko zombie (D:7)
  7 rats
  A plant (D:4)
203 creatures vanquished.

Vanquished Creatures (collateral kills)
  The ghost of AdmiralAndromeda the Spear-Bearer, an amateur MfGl (D:3)
  A scorpion (D:9)
  A bullfrog simulacrum (D:9)
3 creatures vanquished.

Vanquished Creatures (others)
  A two-headed ogre (D:8)
  6 yaks
  2 porcupines (D:9)
  An ice beast (D:7)
  A black bear (D:7)
  2 ogres
  A wolf (D:9)
  3 crocodiles (D:9)
  3 bullfrogs
  A hound (D:6)
  An iguana (D:9)
  A worker ant (D:9)
  An adder (D:9)
  A fungus (D:9)
  5 plants
  3 starspawn tentacles (D:9)
33 creatures vanquished.

Grand Total: 239 creatures vanquished

Notes
Turn   | Place    | Note
-------+----------+-------------------------------------------
     0 | Abyss:1  | Mojopoop the Draconian Abyssal Knight began the quest for the Orb.
     0 | Abyss:1  | Reached XP level 1. HP: 19/19 MP: 2/2
   154 | D:1      | Escaped the Abyss
   241 | D:1      | Noticed a troll
   290 | D:1      | Reached XP level 2. HP: 26/26 MP: 3/3
   478 | D:1      | Reached ** piety under Lugonu
   656 | D:1      | Reached XP level 3. HP: 33/33 MP: 4/4
  1132 | D:2      | Found a transporter.
  1138 | D:2      | Found a transporter.
  1178 | D:2      | Found a glowing golden altar of the Shining One.
  1189 | D:2      | Found a stormy altar of Qazlal.
  1202 | D:2      | Found a white marble altar of Elyvilon.
  1486 | D:2      | Reached XP level 4. HP: 35/40 MP: 5/5
  1742 | D:2      | Reached *** piety under Lugonu
  1749 | D:2      | Found a faded altar of an unknown god.
  1866 | D:3      | Found an iron altar of Okawaru.
  1908 | D:3      | Noticed AdmiralAndromeda's ghost (amateur MfGl)
  1909 | D:3      | Found an ancient bone altar of Kikubaaqudgha.
  2042 | D:3      | Killed AdmiralAndromeda's ghost
  2042 | D:3      | Reached XP level 5. HP: 6/47 MP: 6/6
  2367 | D:4      | Reached skill level 1 in Stealth
  2367 | D:4      | Reached XP level 6. HP: 45/53 MP: 7/7
  2510 | D:4      | Found Tidolat's Antique Armour Shop.
  2532 | D:4      | Bought a glowing shield for 150 gold pieces
  2668 | D:4      | Found a burning altar of Makhleb.
  3043 | D:4      | Found a staircase to the Ecumenical Temple.
  3052 | Temple   | Entered the Ecumenical Temple
  3513 | D:5      | Entered Level 5 of the Dungeon
  3595 | D:5      | Found a snail-covered altar of Cheibriados.
  3657 | D:5      | Reached skill level 5 in Polearms
  3657 | D:5      | Your scales start taking on an icy white colour.
  3657 | D:5      | Reached XP level 7. HP: 54/60 MP: 8/8
  3657 | D:5      | Gained mutation: Your flesh is cold resistant. (rC+) [White Draconian growth]
  3672 | D:5      | Got a dazzling spear
  3696 | D:5      | Found a bloodstained altar of Trog.
  3746 | D:5      | Reached skill level 1 in Shields
  3888 | D:5      | Found a glowing silver altar of Zin.
  4274 | D:6      | Identified the +6 spear of the Boar {freeze, Str+2 Stlth+} (You found it on level 5 of the Dungeon)
  4323 | D:6      | Reached skill level 2 in Shields
  4339 | D:6      | Reached skill level 5 in Fighting
  4495 | D:6      | Reached skill level 3 in Shields
  4960 | D:6      | Reached XP level 8. HP: 42/69 MP: 10/10
  4986 | D:6      | Found a bloodstained altar of Trog.
  5014 | D:6      | Reached **** piety under Lugonu
  5019 | D:6      | Reached skill level 4 in Shields
  5217 | D:6      | Corrupted D:6
  5217 | D:6      | Noticed a thrashing horror
  5217 | D:6      | Noticed a smoke demon
  5217 | D:6      | Noticed a thrashing horror
  5217 | D:6      | Noticed a worldbinder
  5217 | D:6      | Noticed a small abomination
  5217 | D:6      | Noticed a lorocyproca
  5217 | D:6      | Noticed a thrashing horror
  5217 | D:6      | Noticed a smoke demon
  5217 | D:6      | Noticed a cacodemon
  5217 | D:6      | Noticed a large abomination
  5218 | D:6      | Noticed a sixfirhy
  5218 | D:6      | Noticed a starcursed mass
  5218 | D:6      | Noticed a large abomination
  5218 | D:6      | Noticed an efreet
  5233 | D:6      | Noticed a tentacled starspawn
  5292 | D:7      | Found a basalt altar of Yredelemnul.
  5332 | D:7      | Reached skill level 5 in Shields
  5524 | D:7      | Found a shadowy altar of Dithmenos.
  5541 | D:7      | Reached XP level 9. HP: 51/77 MP: 12/12
  5617 | D:7      | Reached skill level 6 in Shields
  5622 | D:7      | Reached skill level 5 in Invocations
  5688 | D:7      | Reached skill level 7 in Shields
  5960 | D:7      | Corrupted D:7
  5960 | D:7      | Noticed a hellion
  5960 | D:7      | Noticed a thrashing horror
  5960 | D:7      | Noticed a smoke demon
  5960 | D:7      | Noticed a mana viper
  5963 | D:7      | Noticed a large abomination
  6020 | D:7      | Noticed a bone dragon
  6079 | D:8      | Noticed Psyche
  6129 | D:8      | Noticed Psyche
  6129 | D:8      | Psyche changed into Psyche the centaur
  6132 | D:8      | Killed Psyche the centaur
  6251 | D:8      | Learned a level 1 spell: Animate Skeleton
  6436 | D:8      | Found a flagged portal.
  6496 | D:8      | Noticed a two-headed ogre
  6500 | D:8      | Banished a two-headed ogre
  6500 | D:8      | Reached skill level 8 in Shields
  6500 | D:8      | Reached XP level 10. HP: 88/88 MP: 14/14
  6649 | D:8      | Got a crystal spear
  6740 | D:9      | Found a hide-covered altar of Uskayaw.
  6743 | D:9      | Noticed a dagger
  6744 | D:9      | Noticed a hand axe
  6858 | D:9      | Found Mudurraa's Magic Scroll Shop.
  6861 | D:9      | Bought a scroll of identify for 30 gold pieces
  6861 | D:9      | Bought a scroll of identify for 30 gold pieces
  6861 | D:9      | Bought a scroll of identify for 30 gold pieces
  6863 | D:9      | Identified the +10 spear "Jellyslayer" {pain, +Rage Int+5 Dex+3} (You found it on level 8 of the Dungeon)
  6882 | D:9      | Found a staircase to the Lair.
  6893 | D:9      | Corrupted D:9
  6893 | D:9      | Noticed a green death
  6898 | D:9      | Noticed a tentacled starspawn
  6899 | D:9      | Noticed a sun demon
  6903 | D:9      | Noticed an orange demon
  6904 | D:9      | Noticed a balrug
  6908 | D:9      | Noticed a starcursed mass
  6909 | D:9      | Noticed a starcursed mass
  6910 | D:9      | Noticed a starcursed mass
  6914 | D:9      | Noticed a starcursed mass
  6927 | Lair:1   | Entered Level 1 of the Lair of Beasts
  7277 | Lair:1   | Noticed a spiny frog
  7290 | Lair:1   | Killed a spiny frog
  7290 | Lair:1   | Reached skill level 9 in Shields
  7458 | Lair:2   | Noticed a spiny frog
  7489 | Lair:2   | Killed a spiny frog
  7569 | Lair:2   | Noticed a six-headed hydra
  7653 | Lair:2   | Slain by a six-headed hydra

Skill      XL: |  1  2  3  4  5  6  7  8  9 10 |
---------------+-------------------------------+-----
Polearms       | 3 4 5 6 7 8 |  8.2
Dodging        | 3 4 |  4.2
Fighting       | 4 5 6 7 8 |  8.6
Stealth        | 1 |  1.8
Shields        | 3 5 8 9 |  9.3
Invocations    | 3 4 6 7 |  7.5

Action                   |  1- 3 |  4- 6 |  7- 9 | 10-12 || total
-------------------------+-------+-------+-------+-------++-------
Melee: Spear             |   153 |   227 |   408 |   134 ||   922
       Tailslap          |    15 |    36 |    54 |    21 ||   126
       Unarmed           |       |       |    10 |       ||    10
 Cast: Animate Skeleton  |       |       |       |     2 ||     2
Invok: Banish            |       |       |     2 |     2 ||     4
       Corrupt           |       |       |     2 |     1 ||     3
       Bend Space        |       |       |     1 |       ||     1
 Abil: Breathe Frost     |       |       |     2 |       ||     2
Evoke: Sack of spiders   |       |     1 |       |       ||     1
       Wand              |       |       |     2 |       ||     2
  Use: Scroll            |     5 |    11 |    11 |     1 ||    28
       Potion            |     1 |     4 |     4 |     1 ||    10
 Stab: Sleeping          |       |     3 |     6 |     5 ||    14
       Distracted        |       |       |     1 |       ||     1
  Eat: Bread ration      |     1 |       |     1 |       ||     2
       Fruit             |       |     1 |     3 |     1 ||     5
       Chunk             |       |     1 |       |     3 ||     4
       Royal jelly       |       |     1 |       |       ||     1
       Meat ration       |       |       |     2 |       ||     2
Armor: Skin              |    52 |    39 |    38 |    24 ||   153
Dodge: Dodged            |   133 |   116 |   102 |    43 ||   394
Block: Shield            |       |    21 |   203 |   126 ||   350
       Buckler           |       |     2 |       |       ||     2
